 Dungeon Crawl Stone Soup version 0.32-a0-5-gbffa963729 (webtiles) character file.

Game seed: 16198909481964750776

785 tilp the Vexing (level 7, -1/52 HPs)
             Began as a Vampire Enchanter on Jan 13, 2024.
             Slain by a gnoll sergeant
             ... wielding a +3 spear of flaming
              (15 damage)
             ... on level 5 of the Dungeon.
             The game lasted 00:07:35 (4251 turns).

tilp the Vexing (Vampire Enchanter)                 Turns: 4251, Time: 00:07:36

Health: -1/52      AC:  4    Str:  7    XL:     7   Next: 56%
Magic:  13/20      EV: 12    Int: 20    God:
Gold:   272        SH:  6    Dex: 14    Spells: 1/12 levels left

rFire   + . .        a - +1 dagger
rCold   . . .        j - +2 buckler
rNeg    . . .        q - +1 robe
rPois   .            (no helmet)
rElec   .            (no cloak)
rCorr   .            (no gloves)
SInv    +            o - +0 pair of boots {Stlth+}
Will    .....        (no amulet)
Stlth   ++++         p - ring of magical power
HPRegen 0.48/turn    y - ring of protection from fire
MPRegen 0.17/turn

%: no passive effects
@: healing quickly
A: alive, fangs 3, see invisible, vampiric 2
a: Exsanguinate


You were on level 5 of the Dungeon.
You visited 1 branch of the dungeon, and saw 5 of its levels.

You collected 272 gold pieces.

Inventory:

Hand Weapons
 a - a +1 dagger (weapon)
 b - a +0 falchion
 v - a +0 great sword
Missiles
 f - 7 poisoned darts (quivered)
 n - 7 boomerangs
 x - 2 throwing nets
Armour
 j - a +2 buckler (worn)
 l - an orb of energy
 o - a +0 pair of boots of stealth (worn)
 q - a +1 robe (worn)
Jewellery
 h - a ring of flight
 p - a ring of magical power (left hand)
 y - a ring of protection from fire (right hand)
Wands
 w - a wand of flame (11)
 A - a wand of charming (9)
Scrolls
 r - a scroll of vulnerability {unknown}
 s - a scroll of amnesia {unknown}
 B - a scroll of poison {unknown}
Potions
 c - 2 potions of invisibility
 d - a potion of heal wounds
 e - 3 potions of magic
 g - a potion of mutation {unknown}
 i - a potion of berserk rage {unknown}
 k - 2 potions of cancellation {unknown}
 m - a potion of curing {unknown}
 t - a potion of brilliance {unknown}
 u - a potion of degeneration {unknown}
 z - 2 potions of lignification {unknown}


   Skills:
 * Level 3.0 Fighting
 + Level 3.0(3.4) Short Blades
 + Level 2.2(2.9) Long Blades
 + Level 3.5 Dodging
 + Level 5.9 Stealth
 + Level 1.6 Shields
 + Level 3.0 Spellcasting
 + Level 0.2 Conjurations
 * Level 6.8 Hexes
 - Level 2.0 Ice Magic
 + Level 0.1 Evocations


You had one spell level left.
You knew the following spells:

 Your Spells              Type           Power      Damage    Failure   Level
a - Ensorcelled Hibernat  Hex/Ice        40%        N/A       5%          2
b - Confusing Touch       Hex            30%        N/A       4%          3
c - Tukima's Dance        Hex            30%        N/A       4%          3
d - Dazzling Flash        Conj/Hex       34%        N/A       16%         3

Your spell library contained the following spells:

 Spells                   Type           Power      Damage    Failure   Level
 Magic Dart               Conj           16%        1d3       21%         1
 Apportation              Tloc           6%         N/A       22%         1
 Necrotise                Necr           12%        1d4       22%         1
 Sting                    Conj/Alch      12%        1d3       22%         1
 Summon Small Mammal      Summ           12%        N/A       22%         1
 Momentum Strike          Conj/Tloc      6%         3d8       32%         2
 Blink                    Tloc           6%         N/A       34%         2
 Call Imp                 Summ           6%         N/A       34%         2
 Cigotuvi's Dreadful Rot  Necr/Alch/Air  6%         N/A       34%         2
 Lesser Beckoning         Tloc           6%         N/A       34%         2
 Ignite Poison            Fire/Alch      3%         N/A       92%         4
 Freezing Cloud           Conj/Ice/Air   3%         6-21      99%         5


Dungeon Overview and Level Annotations

Branches:
Dungeon (5/15)
 Temple: D:4-7

Altars:
Qazlal
Ru
Trog
Yredelemnul

Shops:
D:2 :


Innate Abilities, Weirdness & Mutations

Your natural rate of healing is accelerated.
You have razor-sharp teeth.
You have supernaturally acute eyesight. (SInv)
You are afflicted with vampirism and can become a bat while bloodless.


Message History

You barely miss the gnoll.
The gnoll is almost dead.
You block the gnoll's attack.
The gnoll sergeant hits the gnoll with a +3 spear of flaming!
The gnoll sergeant burns the gnoll.
The gnoll is killed!
Casting: Ensorcelled Hibernation (safe; 5% risk of failure)
Confirm with . or Enter, or press ? or * to list all spells.
Aiming: Ensorcelled Hibernation (safe; 5% risk of failure)
Press: ? - help, Shift-Dir - straight line, f - you That would be overly suicidal.
Okay, then.
Unknown command.
You are too injured to fight recklessly!
You hit the gnoll sergeant but do no damage.
The gnoll sergeant hits you with a +3 spear of flaming!
* * * LOW HITPOINT WARNING * * *
The gnoll sergeant burns you.
* * * LOW HITPOINT WARNING * * *
You hit the gnoll sergeant but do no damage.
You hit the gnoll sergeant but do no damage.
The gnoll sergeant closely misses you.
The gnoll sergeant hits itself with a +3 spear of flaming.
The gnoll sergeant burns itself.
You hit the gnoll sergeant.
The gnoll sergeant is moderately wounded.
You hit the gnoll sergeant but do no damage.
You bite the gnoll sergeant.
The gnoll sergeant is heavily wounded.
Aiming: Throw Flame
Press: ? - help, Shift-Dir - straight line, f - gnoll sergeant
Aim: a gnoll sergeant, wielding a +3 spear of flaming and wearing a +0 scale mail (heavily wounded, confused, 93% to hit)
The puff of flame hits the gnoll sergeant.
The gnoll sergeant is severely wounded.
Unknown command.
Unknown command.
You completely miss the gnoll sergeant.
The gnoll sergeant is severely wounded.
The gnoll sergeant hits you with a +3 spear of flaming!
You die...

............ #####...#.##
### ......)...
#######..#.# ..........#
#.....##.#.#
#...........##.....##.#.#
##.#.....##.##.....##.#.#
#....^.###.##.....##.#.#
.##....##.##.....##.#.#
#...# #.##..g..##.#.# ..
#...###..###@###....# .
#<.g..#.............# #
#..##..............##
#####..###............##
≈≈≈..#.# #....#########
...≈.#.# ###### ≈≈.≈.#.#
..≈≈.#.# _.≈≈.#.#


You could see a gnoll sergeant (confused).

Vanquished Creatures
  A wolf (D:5)
  A phantom (D:5)
  A scorpion (D:4)
  A gnoll sergeant (D:5)
  2 hounds
  2 orc priests (D:4)
  A bombardier beetle (D:5)
  An iguana (D:5)
  Jessica (D:2)
  2 orc wizards (D:3)
  9 gnolls
  8 adders
  5 dart slugs
  A ribbon worm (D:5)
  5 orcs
  5 endoplasms
  5 giant cockroaches
  9 goblins
  8 hobgoblins
  2 jackals (D:5)
  8 kobolds
  3 quokkas
  2 ball pythons
  6 bats
  4 frilled lizards
  8 rats
101 creatures vanquished.

Vanquished Creatures (others)
  An arcanist (D:5)
1 creature vanquished.

Grand Total: 102 creatures vanquished

Notes
Turn   | Place    | Note
-------+----------+-------------------------------------------
     0 | D:1      | tilp the Vampire Enchanter began the quest for the Orb.
     0 | D:1      | Reached XP level 1. HP: 13/13 MP: 3/3
    63 | D:1      | Reached XP level 2. HP: 16/20 MP: 5/5
    75 | D:1      | Learned a level 2 spell: Ensorcelled Hibernation
   465 | D:2      | Gained mutation: You are afflicted with vampirism and can
                  | become a bat while bloodless. [Vampire growth]
   465 | D:2      | Reached XP level 3. HP: 25/25 MP: 1/6
   478 | D:2      | Learned a level 3 spell: Confusing Touch
   605 | D:2      | Reached skill level 1 in Fighting
   713 | D:2      | Reached skill level 5 in Hexes
   907 | D:2      | Found Ynetilea's Book Shoppe.
  1064 | D:2      | Reached skill level 1 in Long Blades
  1064 | D:2      | Reached XP level 4. HP: 18/32 MP: 1/7
  1311 | D:2      | Noticed Jessica
  1318 | D:2      | Killed Jessica
  1438 | D:2      | Found a faded altar of an unknown god.
  1692 | D:3      | Identified a scroll of acquirement
  1692 | D:3      | Acquired a +0 pair of boots of stealth
  1729 | D:3      | Reached skill level 1 in Ice Magic
  1755 | D:3      | Reached XP level 5. HP: 25/38 MP: 0/8
  1858 | D:3      | Reached skill level 5 in Stealth
  1862 | D:3      | Learned a level 3 spell: Tukima's Dance
  2573 | D:4      | Reached skill level 1 in Shields
  2573 | D:4      | Reached XP level 6. HP: 43/44 MP: 9/9
  2949 | D:4      | Found a stormy altar of Qazlal.
  3400 | D:5      | Entered Level 5 of the Dungeon
  3401 | D:5      | Found a basalt altar of Yredelemnul.
  3416 | D:5      | Reached skill level 6 in Hexes
  3595 | D:5      | Reached XP level 7. HP: 39/51 MP: 11/11
  3657 | D:5      | Found a sacrificial altar of Ru.
  3749 | D:5      | Learned a level 3 spell: Dazzling Flash
  4181 | D:5      | Found a bloodstained altar of Trog.
  4183 | D:5      | Noticed a wizard
  4187 | D:5      | Killed a wizard
  4251 | D:5      | Slain by a gnoll sergeant

Illustrated notes

Levels and vault maps discovered:
D:1:      saegor_arrival_simple_c, layout_rooms
D:2:      layout_loops_ring, shapermc_ecumenical_altar_petra, serial_shops,
          shop, eino_tiny_chamber, uniq_jessica
D:3:      layout_basic
D:4:      layout_loops_corners, good_gods_mini_temple, lemuel_tele_altar,
          minmay_misc_feat_nine_boxes
D:5:      layout_cave_pools, amcnicky_altar_gilded, trog_wizard,
          mainiacjoe_overflow_paths, serial_gnoll_camp, gnoll_camp_mini_house,
          gnoll_camp_mini_sergeant, gnoll_camp_huts_moat, gnoll_camp_medium_01,
          gnoll_camp_mini_doghouse, gnoll_camp_mini_basic, dk_rats_in_the_wall

Skill      XL: |  1  2  3  4  5  6  7 |
---------------+----------------------+-----
Fighting       | 1 2 3 |  3.0
Hexes          | 5 6 |  6.8
Long Blades    | 1 2 |  2.2
Ice Magic      | 1 2 |  2.0
Short Blades   | 2 3 |  3.0
Stealth        | 5 |  5.9
Dodging        | 3 |  3.5
Shields        | 1 |  1.6
Spellcasting   | 3 |  3.0
Conjurations   | |  0.2
Evocations     | |  0.1

Action                     |  1- 3 |  4- 6 |  7- 9 || total
---------------------------+-------+-------+-------++-------
  Melee: Dagger            |   137 |   155 |    40 ||   332
         Bite              |     7 |    12 |     6 ||    25
         Punch             |     3 |       |       ||     3
   Cast: Ensorcelled Hiber |    11 |    27 |    14 ||    52
         Tukima's Dance    |       |     1 |       ||     1
         Confusing Touch   |       |       |     3 ||     3
  Evoke: Wand              |       |       |     1 ||     1
    Use: Scroll            |     3 |     2 |     1 ||     6
   Stab: Sleeping          |    14 |    28 |     6 ||    48
         Distracted        |       |     1 |       ||     1
         Confused          |       |       |     2 ||     2
 Armour: Robe              |    54 |    63 |    19 ||   136
  Dodge: Dodged            |    81 |    75 |    19 ||   175
  Block: Buckler           |     3 |    41 |    10 ||    54

Table legend: (Time is in decaauts)
 A = Elapsed time spent in this place.
 B = Non-inter-level travel time spent in this place.
 C = Inter-level travel time spent in this place.
 D = Time resting spent in this place.
 E = Time spent auto-exploring this place.
 F = Levels seen in this place.
 G = Mean time per level.
                   A        B        C        D        E       F      G
               +--------+--------+--------+--------+--------+-----+--------+
         Total |   4232 |   3967 |    265 |    367 |   2694 |   5 |  846.4 |
       Dungeon |   4232 |   3967 |    265 |    367 |   2694 |   5 |  846.4 |
               +--------+--------+--------+--------+--------+-----+--------+

Top non-repeatable levels by time:
     D:4: 1154 daAuts
     D:2: 1028 daAuts
     D:3: 831 daAuts
     D:5: 752 daAuts
     D:1: 465 daAuts
